 Dungeon Crawl Stone Soup version 0.28.0-43-g3370ac3207 (webtiles) character file.

Game seed: 6934428251228608937

26 Descartes the Grasshopper (level 2, 0/13 HPs)
             Began as a Felid Warper on Mar 2, 2022.
             Killed from afar by Sigmund (7 damage)
             ... with a magic dart
             ... on level 2 of the Dungeon.
             The game lasted 00:01:16 (1437 turns).

Descartes the Grasshopper (Felid Warper)            Turns: 1437, Time: 00:01:17

Health: 0/13       AC:  1    Str:  7    XL:     2   Next: 89%
Magic:  6/6        EV: 18    Int: 14    God:
Gold:   75         SH:  0    Dex: 15    Spells: 5/5 levels left
                                        Lives:  0   Deaths: 0

rFire   . . .      SeeInvis +     - Unarmed
rCold   . . .      Faith    .   (shield unavailable)
rNeg    . . .      Spirit   .   (armour unavailable)
rPois   .          Reflect  .   (helmet unavailable)
rElec   .          Harm     .   (cloak unavailable)
rCorr   .          Rampage  .   (gloves unavailable)
Will    .....                   (boots unavailable)
Stlth   ++........              (no amulet)
HPRegen 0.04/turn               (no ring)
MPRegen 0.10/turn               (no ring)

@: quick
A: very small, claws 1, fangs 3, see invisible, speed 1, shaggy fur 1, stealthy
paws, no weapons or thrown items, no armour, multi-lived
a: no special abilities


You were on level 2 of the Dungeon.
You visited 1 branch of the dungeon, and saw 2 of its levels.

You collected 75 gold pieces.

Inventory:

Scrolls
 a - a scroll of blinking
 b - a scroll of identify {unknown}
 c - a scroll of noise {unknown}
 f - a scroll of vulnerability {unknown}
Potions
 d - a potion of heal wounds {unknown}
 e - a potion of might {unknown}


   Skills:
 + Level 2.2 Fighting
 + Level 3.4 Dodging
 * Level 2.0 Stealth
 * Level 2.5 Unarmed Combat
 - Level 2.0 Spellcasting
 + Level 4.6 Translocations


You had 5 spell levels left.
You didn't know any spells.
Your spell library contained the following spells:

 Spells                   Type           Power      Damage    Failure   Level
 Blink                    Tloc           28%        N/A       5%          2
 Gell's Gravitas          Tloc           14%        N/A       11%         3
 Lesser Beckoning         Tloc           14%        N/A       11%         3
 Teleport Other           Tloc           14%        N/A       11%         3
 Freeze                   Ice            4%         1d3       24%         1
 Frozen Ramparts          Ice            2%         1d2       56%         3
 Manifold Assault         Tloc           14%        N/A       69%         5
 Hailstorm                Conj/Ice       1%         3d3       93%         4


Dungeon Overview and Level Annotations

Branches:
Dungeon (2/15)

Altars:

Shops:
D:1 [

Annotations:
D:2 Sigmund


Innate Abilities, Weirdness & Mutations

You have sharp claws.
You have razor-sharp teeth.
You have supernaturally acute eyesight. (SInv)
You cover ground quickly. (Speed+)
You are covered in fur. (AC +1)
Your paws help you pounce on unaware monsters.
You are incapable of wielding weapons or throwing items.
You cannot wear armour.
You gain extra lives every three experience levels.


Message History

No target in view!
No target in view!
No target in view!
No target in view!
No target in view!
No target in view!
No target in view!
No target in view!
No target in view!
No target in view!
No target in view!
No target in view!
A ball python comes into view.
You catch the helpless ball python completely off-guard!
You scratch the ball python.
You kill the ball python!
No target in view!
No target in view!
No target in view!
No target in view!
No target in view!
No target in view!
No target in view!
No target in view!
No target in view!
No target in view!
No target in view!
e - a smoky amethyst potion
f - a scroll labelled BESHAG VATO A kobold comes into view.
It is wielding a +0 short sword.
Sigmund the Dreaded comes into view.
He is wielding a +2 scythe of protection and carrying a wand of flame (15).
Sigmund shouts!
Sigmund casts a spell at you. The magic dart hits you.
You scratch the kobold. You bite the kobold, but do no damage.
The kobold is severely wounded.
Sigmund points at you and mumbles some strange words.
The magic dart hits you!
Ouch! That really hurt!
You die...

#...........##
##.###.##.###.#.#.# #
..............[.#.#.#
#...............##...
@#.####.##..........
...# #.###....##... #
#.#.##..........#.#
#..#.##.#............#
#...K@.............###
#.##.##.##.##....###
#.#.###.......# ...#
####....# ##.#
######.## #.
#..((...#### ..
............. ###
######...#### #####


You could see Sigmund and a kobold.

Vanquished Creatures
  A worm (D:2)
  5 endoplasms
  2 giant cockroaches (D:1)
  A goblin (D:1)
  4 hobgoblins (D:1)
  A quokka (D:1)
  A ball python (D:2)
  A bat (D:2)
  2 frilled lizards (D:1)
  2 kobolds (D:1)
  A rat (D:1)
21 creatures vanquished.

Notes
Turn   | Place    | Note
-------+----------+-------------------------------------------
     0 | D:1      | Descartes the Felid Warper began the quest for the Orb.
     0 | D:1      | Reached XP level 1. HP: 9/9 MP: 4/4
    45 | D:1      | Reached skill level 1 in Stealth
   220 | D:1      | Reached XP level 2. HP: 4/13 MP: 6/6
   549 | D:1      | Found Rubugi's Antique Armour Emporium.
  1436 | D:2      | Noticed Sigmund
  1437 | D:2      | Killed from afar by Sigmund

Illustrated notes

Levels and vault maps discovered:
D:1:      dpeg_arrival_simpleton_c, layout_rooms, serial_shops,
          nicolae_shop_crystal, minmay_crystal_water, minmay_misc_feat_five,
          minmay_curled_crystal, serial_bayou_pond_e, hangedman_decor_growths
D:2:      layout_loops_ring, basic_altar,
          hellmonk_ecumenical_altar_watching_god, grunt_ministairs_3,
          chequers_serial_rivers_room_a, uniq_sigmund

Skill      XL: |  1  2 |
---------------+-------+-----
Stealth        | 1 2 |  2.0
Fighting       | |  2.2
Dodging        | |  3.4
Unarmed Combat | |  2.5
Spellcasting   | |  2.0
Translocations | |  4.6

Action                   || total
-------------------------++-------
Melee: Unarmed           ||    82
       Bite              ||     4
 Stab: Distracted        ||     1
       Sleeping          ||     1
Armor: Skin              ||     7
Dodge: Dodged            ||    65
